 Dungeon Crawl Stone Soup version 0.28-a0-1142-gc8569940dd (webtiles) character file.

Game seed: 13374537655754944386

1307 ChaosChampion the Skirmisher (level 8, -4/65 HPs)
             Began as a Demonspawn Monk on Dec 13, 2021.
             Was a Believer of Nemelex Xobeh.
             Killed from afar by a steam dragon (18 damage)
             ... with a ball of steam
             ... on level 8 of the Dungeon.
             The game lasted 00:10:16 (5522 turns).

ChaosChampion the Skirmisher (Demonspawn Monk)      Turns: 5522, Time: 00:10:17

Health: -4/65      AC:  7    Str: 13    XL:     8   Next: 32%
Magic:  12/12      EV:  9    Int: 12    God:    Nemelex Xobeh [**....]
Gold:   358        SH:  7    Dex: 16    Spells: 7/7 levels left

rFire   . . .      SeeInvis .   h - +2 war axe (distort)
rCold   . . .      Faith    .   j - +0 kite shield
rNeg    . . .      Spirit   .   d - +0 leather armour {rPois}
rPois   +          Reflect  .   s - +0 helmet
rElec   .          Harm     .   (no cloak)
rCorr   +          Rampage  .   (no gloves)
Will    .....                   k - +0 pair of boots
Stlth   ++........              (no amulet)
HPRegen 0.20/turn               p - ring of resist corrosion
MPRegen 0.13/turn               (no ring)

@: no status effects
A: claws 2, yellow scales 1, foul stench 1, spiny 1
a: Renounce Religion, Draw Escape, Draw Destruction, Draw Summoning


You were on level 8 of the Dungeon.
You worshipped Nemelex Xobeh.
Nemelex Xobeh was pleased with you.
You visited 2 branches of the dungeon, and saw 7 of its levels.

You collected 358 gold pieces.

Inventory:

Hand Weapons
 a - a +0 hand axe
 b - a +2 scythe of protection
 h - a +2 war axe of distortion (weapon)
Missiles
 q - 27 poisoned darts (quivered)
Armour
 d - a +0 leather armour of poison resistance (worn)
 j - a +0 kite shield (worn)
 k - a +0 pair of boots (worn)
 s - a +0 helmet (worn)
 C - +0 acid dragon scales
Jewellery
 p - a ring of resist corrosion (left claw)
Wands
 y - a wand of polymorph (11)
 A - a wand of iceblast (6)
Scrolls
 c - 4 scrolls of teleportation {unknown}
 f - 3 scrolls of identify {unknown}
 g - a scroll of fear {unknown}
 l - a scroll of torment {unknown}
 m - a scroll of magic mapping {unknown}
 n - a scroll of noise {unknown}
 t - a scroll of brand weapon {unknown}
 u - a scroll of summoning {unknown}
 v - a scroll of enchant armour {unknown}
 B - a scroll of blinking {unknown}
Potions
 e - 3 potions of curing {unknown}
 i - a potion of brilliance {unknown}
 o - 2 potions of lignification {unknown}
 r - 2 potions of mutation {unknown}
 w - 2 potions of invisibility {unknown}
 x - a potion of haste {unknown}
 z - 2 potions of flight {unknown}


   Skills:
 - Level 6.6 Fighting
 - Level 6.0 Axes
 + Level 2.6 Armour
 - Level 2.7 Dodging
 - Level 1.8 Stealth
 * Level 5.8 Invocations


You had 7 spell levels left.
You didn't know any spells.
Your spell library contained the following spells:

 Spells                   Type           Power      Damage    Failure   Level
 Slow                     Hex            0%         N/A       96%         1
 Confusing Touch          Hex            0%         N/A       100%        3
 Inner Flame              Hex/Fire       0%         N/A       100%        3
 Vampiric Draining        Necr           0%         2d6       100%        3
 Cause Fear               Hex            0%         N/A       100%        4
 Summon Forest            Summ/Tloc      0%         N/A       100%        5
 Summon Mana Viper        Hex/Summ       0%         N/A       100%        5
 Summon Cactus Giant      Summ           0%         N/A       100%        6
 Discord                  Hex            0%         N/A       100%        8


Dungeon Overview and Level Annotations

Branches:
Dungeon (5/15)             Temple (1/1) D:4

Altars:
Cheibriados
Dithmenos
Elyvilon
Fedhas
Gozag
Kikubaaqudgha
Nemelex Xobeh
Okawaru
Qazlal
Sif Muna
Trog
Uskayaw
Wu Jian
Xom
The Shining One

Annotations:
D:5 1 runed translucent door
Abyss:1 Edmund


Innate Abilities, Weirdness & Mutations

You have very sharp fingernails.
You are partially covered in yellow scales. (AC +2)
You may rarely emit foul miasma when damaged in melee.
You are partially covered in sharp spines.


Message History

A wolf comes into view.
Things that are here:
+0 acid dragon scales; an acid dragon corpse C - +0 acid dragon scales You hear the slow hiss of an avalanche of sand very nearby.
You start resting.
A wolf comes into view.
You draw a card...
You have drawn Wild Magic.
The wolf looks faint for a moment.
The wolf is poisoned.
You feel a surge of magic.
You draw a card...
You have drawn Pain.
Press: ? - help, Shift-Dir - straight line, f - wolf
Aim: a wolf (lightly wounded, wandering, poisoned, hasn't noticed you)
The wolf howls!
The wolf convulses!
You draw a card...
You have drawn the Storm.
A fierce wind blows from the card.
The wolf is blown away by the wind.
You hear a mighty peal of thunder!
You hear a howl! x3
Something shouts, "Scamper hence, thou skyhacking weevil-witted slime mould!"
You draw a card...
You have drawn the Storm.
A mighty gale blasts forth from the card!
The wolf is blown away by the wind.
The electrical discharge engulfs the wolf!!
You kill the wolf!
You feel a bit more experienced.
You hear violent peals of thunder!
You hear an angry hiss.
You hear a shout!
Your Invocations skill increases to level 5!
An ice beast comes into view.
You see here a scroll labelled KOAR KO BUDUEPN.
You draw a card...
You have drawn Degeneration.
The ice beast evaporates and reforms as a steam dragon!
The steam dragon twists and deforms.
The deck of cards glows slightly and disappears.
A water moccasin comes into view.
You draw a card...
You have drawn the Dance.
The steam dragon breathes steam at you. The ball of steam hits you!!
You die...
Your body disappears without a glow.

##### ....# #. ...S..≈≈ ###.# #.
...≈.≈≈≈ #.# #. #..≈≈≈≈. #.# #.
#...≈≈≈. #.# #. #..... # #.# #.
#... . #.# ##.##.###### .# #.#
#..@D......# #.### #.#
.......##.####.# ..... #.#
######(.#.# #†# #.#.# #.# ##.#.#
#†##....# #.# #.#.####.#.....#.
#.# #.#.#............. ##[##
#.#.#.##.#.......# #...#######
#.#...........#D.Y
#.........#####.###.##.........#


You could see a steam dragon (catching breath, misshapen, ally target) and a
friendly +3 demon trident of Zeegoz {drain, rF+ rCorr} (summoned).

Vanquished Creatures
  Sigmund (D:4)
  An acid dragon (D:8)
  A water moccasin (D:5)
  3 wolves (D:8)
  A bullfrog (D:3)
  A wyvern simulacrum (D:8)
  A bullfrog skeleton (D:5)
  2 gnoll shamans
  A hound (D:5)
  A centaur skeleton (D:3)
  2 iguanas
  Robin (D:4)
  9 gnolls
  2 adders
  An adder zombie (D:5)
  An adder skeleton (D:4)
  A worm (D:4)
  3 dart slugs (D:1)
  5 orcs
  14 endoplasms
  2 giant cockroaches
  11 goblins
  11 hobgoblins
  4 jackals (D:2)
  10 kobolds
  6 quokkas
  11 ball pythons
  5 bats
  2 frilled lizards (D:1)
  A goblin skeleton (D:4)
  3 hobgoblin zombies (D:4)
  3 kobold zombies (D:4)
  An orc zombie (D:4)
  8 rats
130 creatures vanquished.

Vanquished Creatures (others)
  3 fungi (D:3)
3 creatures vanquished.

Grand Total: 133 creatures vanquished

Notes
Turn   | Place    | Note
-------+----------+-------------------------------------------
     0 | D:1      | ChaosChampion the Demonspawn Monk began the quest for the
                  | Orb.
     0 | D:1      | Reached XP level 1. HP: 18/18 MP: 1/1
   169 | D:1      | Gained mutation: You may rarely emit foul miasma when
                  | damaged in melee. [demonic ancestry]
   169 | D:1      | Reached XP level 2. HP: 15/24 MP: 2/2
   711 | D:1      | Reached XP level 3. HP: 26/29 MP: 3/3
  2074 | D:2      | Gained mutation: You have sharp fingernails. [demonic
                  | ancestry]
  2074 | D:2      | Reached XP level 4. HP: 37/37 MP: 4/4
  2375 | D:3      | Found an opulent altar of Gozag.
  3030 | D:4      | Noticed Robin
  3030 | D:4      | Noticed a bullfrog
  3030 | D:4      | Found a staircase to the Ecumenical Temple.
  3031 | D:4      | Noticed Sigmund
  3323 | D:4      | Killed Robin
  3324 | D:4      | Gained mutation: You are partially covered in yellow
                  | scales. (AC +2) [demonic ancestry]
  3324 | D:4      | Reached XP level 5. HP: 33/43 MP: 5/5
  3873 | D:4      | Killed Sigmund
  3874 | D:4      | Reached skill level 5 in Fighting
  3874 | D:4      | Reached skill level 5 in Axes
  3874 | D:4      | Gained mutation: You have very sharp fingernails. [demonic
                  | ancestry]
  3874 | D:4      | Reached XP level 6. HP: 49/51 MP: 6/6
  4076 | D:4      | Noticed Edmund
  4086 | D:4      | Banished Edmund
  4087 | D:4      | Gained mutation: You are partially covered in sharp spines.
                  | [demonic ancestry]
  4087 | D:4      | Reached XP level 7. HP: 34/58 MP: 7/7
  4375 | D:5      | Entered Level 5 of the Dungeon
  4502 | D:5      | Found a runed translucent door.
  4771 | Temple   | Entered the Ecumenical Temple
  5025 | Temple   | Became a worshipper of Nemelex Xobeh the Trickster
  5025 | Temple   | Reached * piety under Nemelex Xobeh
  5025 | Temple   | Received a gift from Nemelex Xobeh
  5025 | Temple   | Received a gift from Nemelex Xobeh
  5025 | Temple   | Reached ** piety under Nemelex Xobeh
  5099 | D:5      | Reached skill level 1 in Invocations
  5222 | D:5      | Found a shimmering blue altar of Sif Muna.
  5349 | D:5      | Found an iron altar of Okawaru.
  5355 | D:5      | You fall into a shaft and drop 3 floors!
  5359 | D:8      | Reached skill level 1 in Armour
  5471 | D:8      | Reached XP level 8. HP: 51/65 MP: 9/11
  5514 | D:8      | Reached skill level 5 in Invocations
  5522 | D:8      | Identified the +3 demon trident of Zeegoz {drain, rF+
                  | rCorr}
  5522 | D:8      | Killed from afar by a steam dragon

Illustrated notes

Levels and vault maps discovered:
D:1:      minmay_arrival_split_and_join, layout_basic, minmay_vboxes
D:2:      layout_loops_cross, minmay_pentomino_v4
D:3:      layout_basic, mainiacjoe_overflow_chevrons
D:4:      minmay_spotlight, layout_rooms, nicolae_tso_besieged_by_evil,
          temple_fountains, grunt_tough_drop, uniq_robin, uniq_sigmund,
          uniq_edmund
D:5:      layout_basic, makhleb_altar_promises_db, old_standard_altar,
          mainiacjoe_overflow_cross_hatched, ebering_ghost_sewer_d,
          uniq_crazy_yiuf_cottage
D:8:      layout_loops_ring, gammafunk_temple_overflow_pools, lair_entry_dummy,
          nicolae_ossuary_entry_false_entrances, serial_ice, serial_ice_i,
          serial_ice_e, serial_ice_d, serial_ice_a, uniq_harold, uniq_gastronok,
          uniq_grum, uniq_joseph
Temple:   minmay_temple_curvy_loop

Skill      XL: |  1  2  3  4  5  6  7  8 |
---------------+-------------------------+-----
Axes           | 3 4 5 6 |  6.0
Fighting       | 4 5 6 |  6.6
Invocations    | 4 5 |  5.8
Armour         | 1 2 |  2.6
Dodging        | |  2.7
Stealth        | |  1.8

Action                   |  1- 3 |  4- 6 |  7- 9 || total
-------------------------+-------+-------+-------++-------
Melee: Hand axe          |    97 |       |       ||    97
       War axe           |    22 |    85 |    58 ||   165
Throw: Dart              |       |     4 |       ||     4
Invok: Draw Destruction  |       |       |     9 ||     9
       Draw Summoning    |       |       |     1 ||     1
 Stab: Sleeping          |     4 |     1 |     3 ||     8
Armor: Robe              |     7 |       |       ||     7
       Leather armour    |    19 |    43 |    20 ||    82
Dodge: Dodged            |    76 |    45 |    22 ||   143
Block: Kite shield       |    11 |    45 |    21 ||    77

Table legend: (Time is in decaauts)
 A = Elapsed time spent in this place.
 B = Non-inter-level travel time spent in this place.
 C = Inter-level travel time spent in this place.
 D = Time resting spent in this place.
 E = Time spent auto-exploring this place.
 F = Levels seen in this place.
 G = Mean time per level.
                   A        B        C        D        E       F      G
               +--------+--------+--------+--------+--------+-----+--------+
         Total |   5634 |   5567 |     67 |    954 |   3512 |   7 |  804.9 |
       Dungeon |   5356 |   5312 |     44 |    954 |   3320 |   6 |  892.7 |
        Temple |    277 |    254 |     23 |      0 |    192 |   1 |  277.0 |
               +--------+--------+--------+--------+--------+-----+--------+

Top non-repeatable levels by time:
     D:3: 1630 daAuts
     D:1: 1531 daAuts
     D:4: 796 daAuts
     D:2: 744 daAuts
     D:5: 483 daAuts
  Temple: 277 daAuts
     D:8: 171 daAuts
